[Event "Israeli Team-ch 2023"]
[Site "Petah Tikva"]
[Date "2023.01.20"]
[Round "3.8"]
[White "Gorodetzky, Matan"]
[Black "Nabaty, Tamir"]
[Result "0-1"]
[ECO "C41"]
[WhiteElo "2333"]
[BlackElo "2632"]
[Annotator "TA"]
[PlyCount "98"]
[EventDate "2023.01.13"]
[EventCountry "ISR"]
[SourceTitle "playchess.com"]
[Source "ChessBase"]
[SourceQuality "1"]
[TimeControl "40/5400+30:1800+30"]

1. e4 d6 2. d4 Nf6 3. Nc3 e5 4. Nf3 Nbd7 5. Bc4 Be7 6. O-O O-O 7. Re1 c6 8. a4 a5 9. h3 h6 10. Ba2 exd4 {[%emt 0:05:22] C41: Philidor Defence.} 11. Nxd4 Nc5 12. Qf3 Be6 {[%emt 0:02:36] White has an edge.} 13. Nf5 {[%emt 0:04:09] [#]} Qd7 $146 ({Predecessor:} 13... Kh8 14. e5 dxe5 15. Rxe5 Ncd7 16. Rxe6 fxe6 17. Bxe6 Nc5 18. Ba2 Ng8 19. Qg4 Bg5 20. Be3 Qc8 21. Nxh6 Bxe3 22. Nf7+ Rxf7 23. Qh5+ Nh6 24. Bxf7 Bd4 {1-0 Skrzypczak,M (1865)-Bachorczyk,M (2003) POL-chT 2nd League 2021 (1.16)}) 14. Nxh6+ {[%emt 0:13:17][%mdl 64] Demolition} gxh6 15. Bxh6 Kh8 16. Bxf8 Rxf8 17. Bxe6 (17. e5 $142 dxe5 18. Rxe5) 17... fxe6 $11 18. e5 Nh7 {[%emt 0:02:02][%mdl 1024] Black has compensation.} 19. Qe3 d5 20. Rad1 Qe8 $1 21. Rd4 Qg6 22. Re2 Rf5 (22... Rg8 23. Rg4 Qf5 24. Qg3 Rxg4 25. Qxg4 $11) (22... Qh5 $15) 23. Kh1 ({White should try} 23. Rg4 $11 Rg5 24. Qf4) 23... Nd7 {[%emt 0:03:27][%cal Oe7c5] Black is more active.} 24. Rg4 Qf7 {[%emt 0:00:32] Strongly threatening ...Bc5.} (24... Rg5 25. Rxg5 Bxg5 26. f4 $14) 25. f4 Bc5 26. Qd2 Nhf8 27. g3 $2 {[%emt 0:04:49] [#]} ({White should play} 27. Kh2 $15) 27... Nxe5 $1 $19 28. Nd1 (28. fxe5 {leads to mate.} Rf1+ 29. Kh2 Rh1+ 30. Kxh1 Qf1+ 31. Kh2 Qg1#) 28... Nxg4 29. hxg4 Rf6 30. g5 {[%emt 0:01:22] [#]} Rf5 31. Qxa5 d4 (31... Kg8 $142 {( -> ...Qh5+)} 32. Rh2 Bd4) 32. Qe1 $2 (32. Kg2 {was necessary.}) 32... Bd6 {[%emt 0:00:41][%cal Oe6e5] ...e5! would be deadly.} 33. Rh2+ {[%emt 0:03:56] [#]} Kg8 $2 (33... Kg7 $1 $19 {is more deadly.} 34. Rh6 Bc7) 34. Nf2 $17 e5 {[%emt 0:01:04] Black converts the advantage convincingly.} (34... Kg7 {with more complications.} 35. Qe4 e5 36. Rh6 Ng6) 35. Ne4 $2 (35. Qe4 $17 {is tougher.} Kg7 36. Rh6) 35... Be7 $19 ({Don't go for} 35... Qd5 $2 36. c4 dxc3 37. bxc3 $19) 36. Rh6 (36. Rf2 $142) 36... exf4 {[%emt 0:01:00] White must now prevent ...Re5.} 37. g4 Bxg5 (37... Re5 $142 38. Kh2 f3) 38. Rh5 {[%emt 0:01:20] Repels Qd5} (38. gxf5 $142 Bxh6 39. Qg1+ Kh7 40. Qxd4) 38... Qg6 {[%emt 0:01:53] Threatens to win with ...Re5.} 39. Qe2 Re5 40. Qc4+ Qe6 41. Qxd4 Nh7 (41... Qxg4 $2 42. Rxg5+ Qxg5 43. Qc4+ Kg7 44. Nxg5 Rxg5 45. Qb4 $18) 42. Nf2 Rd5 43. Qa7 f3 44. Qb8+ Bd8 45. Kh2 Rd2 {[%emt 0:01:41] Black mates.} 46. Kg3 Qe1 47. Rh2 Qg1+ 48. Kxf3 Ng5+ 49. Ke3 Qe1+ {[%emt 0:00:33][%mdl 64] Deflection. An interesting game.   Weighted Error Value: White=1.25/Black=0.72} ({Don't take} 49... Rxc2 50. Qxd8+ Kf7 51. Qd7+ Kg8 52. Qe8+ Kg7 53. Qe5+ Kf7 54. Qf5+ Ke8 55. Rh8+ Ke7 56. Qxg5+) 0-1

[Event "Israeli Team-ch 2023"]
[Site "Petah Tikva"]
[Date "2023.01.20"]
[Round "3.9"]
[White "Postny, Evgeny"]
[Black "Zlatin, Alexander"]
[Result "1-0"]
[ECO "A57"]
[WhiteElo "2556"]
[BlackElo "2324"]
[Annotator "TA"]
[PlyCount "101"]
[EventDate "2023.01.13"]
[EventCountry "ISR"]
[SourceTitle "playchess.com"]
[Source "ChessBase"]
[SourceQuality "1"]
[TimeControl "40/5400+30:1800+30"]

1. d4 Nf6 2. c4 c5 3. d5 b5 4. cxb5 a6 5. e3 e6 6. Nc3 exd5 7. Nxd5 {[%emt 0:00:58] A57: Benko/Volga Gambit.} axb5 8. Nxf6+ Qxf6 9. Bxb5 {[%emt 0:00:09] White is slightly better.} Bb7 10. Nf3 Be7 11. O-O O-O 12. a4 {[%emt 0:01:59] [#]} (12. Bxd7 $2 Rd8 13. e4 Rxd7 $19) 12... d5 $146 ({Predecessor:} 12... h6 13. Ra2 d5 14. b3 Rd8 15. Rd2 Na6 16. Bb2 Qb6 17. Ne5 Nc7 18. Bd3 Bf6 {1-0 Jianu,V (2560)-Shirazi,K (2411) Avoine op 28th 2013 (5)}) 13. Rb1 Rd8 14. b3 Na6 15. Bb2 Qe6 16. Re1 Bf6 17. Qd2 Bxb2 18. Qxb2 Nb4 19. h3 f6 20. Red1 Kh8 (20... Rab8 $16) 21. Ne1 Qe4 (21... Ba6 $16) 22. Be2 Ba6 23. Bxa6 Rxa6 24. Rbc1 Rc6 25. Nc2 f5 (25... Nd3 $2 26. Rxd3 Qxd3 27. Nb4 cxb4 28. Rxc6) (25... Na6 $16 {was worth a try.} 26. Qc3 Qe8) 26. Nxb4 Rg6 27. f3 (27. Rxc5 $2 Qxg2#) 27... Qxb4 28. Qc3 Qh4 29. Kh1 ({Don't take} 29. Qxc5 $6 Qxh3 30. Rc2 (30. Rxd5 $2 Qxg2#) (30. Rd2 Qxf3 31. Qe7 Rg8 $16) 30... Qxf3 $18) 29... Qg3 30. Rc2 (30. Qxc5 $2 Qxg2#) 30... Rh6 31. Qe1 $40 {[%emt 0:02:26][%mdl 128] White is out for blood.} (31. Qxc5 Rxh3+ 32. gxh3 Qxf3+ 33. Kh2 Qxd1 $16) (31. Rcd2 $142) 31... Qc7 (31... Qxe1+ $142 32. Rxe1 Rb6 33. Rxc5 Rxb3) 32. Rd3 Re6 33. Qc1 Rc6 {[%emt 0:01:43] [#]} 34. b4 $1 c4 35. b5 Re6 {[%emt 0:01:43] [#]} (35... Rc5 36. Qa3 Qa5) 36. Rxc4 $3 $18 Qa5 (36... dxc4 37. Qxc4) 37. Rc8 Ree8 38. Rxd8 Rxd8 {[%emt 0:00:02][%mdl 4096] Endgame KQR-KQR} 39. Qd1 f4 40. e4 ({Weaker is} 40. Rxd5 Rxd5 41. Qxd5 Qe1+ 42. Kh2 Qg3+ 43. Kh1 Qe1+ 44. Kh2 Qg3+ 45. Kh1 Qe1+ $11) 40... d4 41. Rxd4 Re8 42. Qd2 Qb6 43. Rd6 Qc7 44. b6 Qe7 45. a5 h6 46. a6 Kh7 47. b7 Qe5 48. Qd4 Qa5 49. Qd2 Qe5 $1 50. Kh2 Qc5 51. Qxf4 {[%emt 0:00:00] Weighted Error Value: White=0.19 (very precise) /Black=0.48} 1-0

[Event "Israeli Team-ch 2023"]
[Site "Petah Tikva"]
[Date "2023.01.20"]
[Round "3.10"]
[White "Bitensky, Igor"]
[Black "Steinberg, Nitzan"]
[Result "0-1"]
[ECO "B23"]
[WhiteElo "2370"]
[BlackElo "2537"]
[Annotator "TA"]
[PlyCount "126"]
[EventDate "2023.01.13"]
[EventCountry "ISR"]
[SourceTitle "playchess.com"]
[Source "ChessBase"]
[SourceQuality "1"]
[TimeControl "40/5400+30:1800+30"]

1. e4 c5 2. Nc3 d6 3. d4 cxd4 4. Qxd4 Nc6 5. Qd2 g6 6. b3 {[%emt 0:05:27] B23: Closed Sicilian: Lines without g3.} Bh6 7. f4 Nf6 8. Bb2 {[%emt 0:00:48] White has an edge.} e5 9. g3 O-O 10. O-O-O Re8 11. Kb1 (11. Qxd6 Bg4 12. Qxd8 Rexd8 13. Rxd8+ Rxd8 $15) 11... Nd4 {[%emt 0:08:43][%cal Ob7b5] [#]} 12. h3 $146 {[%emt 0:05:52] [#]} (12. Bg2 $142) ({Predecessor:} 12. Bg2 Bg4 13. Rf1 d5 14. h3 Be6 15. g4 Nxe4 16. Nxe4 dxe4 17. Bxe4 Rc8 18. Qd3 {0-1 Shirov,A (2704)-Dominguez Perez,L (2752) Berlin FIDE GP 1 Pool-D 2022 (2)}) 12... b5 $1 $11 13. Bg2 (13. Nxb5 Nxe4) 13... Bb7 $1 {[%emt 0:02:28] Hoping for ...Rc8.} 14. Nge2 b4 15. Nd5 Bxd5 16. exd5 Nxe2 17. Qxe2 exf4 18. Qc4 ({White should play} 18. Qd2 $1 $15) 18... a5 (18... fxg3 $19 {And now ...Rc8 would win.} 19. Qxb4 Nh5) 19. gxf4 $17 Rc8 20. Qd4 (20. Qf1 $17) 20... Bg7 $1 $19 21. Qd2 Ne4 22. Bxe4 Bxb2 (22... Rxe4 23. Bxg7 Kxg7 24. f5 $17) 23. Kxb2 {[%emt 0:00:39] Qd4 would be deadly.} Rxe4 24. Kb1 Qf6 {[%emt 0:00:11] Inhibits f5.} 25. Rhf1 Qf5 26. Rf3 Rc5 27. Kb2 Qf6+ 28. Kb1 Rc3 29. Rxc3 bxc3 {[%emt 0:00:05][%mdl 4096] Endgame KQR-KQR} 30. Qd3 Rxf4 ({Worse is} 30... Qxf4 31. Qxc3 a4 32. Kb2 $15) 31. a4 Qe5 32. Qb5 (32. Qa6 {might work better.} Rd4 33. Rf1) 32... Rd4 33. Qf1 (33. Rc1 $142 Rxd5 34. Qc4) 33... Qxd5 (33... Rxd5 $2 34. Re1 Qd4 35. Ka2 $19) 34. Rxd4 (34. Rc1 $142 Rd2 35. Qh1) 34... Qxd4 {[%emt 0:00:05] KQ-KQ} 35. Qd3 Qc5 36. Ka2 f5 37. Qb5 Kf7 {[%emt 0:03:47] Inhibits Qe8+.} (37... Kg7 $142 {aiming for ...Qf2.} 38. Qb7+ Kh6) 38. b4 (38. Qd7+ $142 Kf6 39. Qxh7) 38... axb4 {[%emt 0:00:30] White must now prevent ...f4.} (38... Qxb4 $2 {perishes.} 39. Qxb4 axb4 40. a5 $19) 39. Qxc5 dxc5 {[%emt 0:00:01] KP-KP} 40. a5 {[%emt 0:00:05] Strongly threatening a6.} f4 41. a6 f3 42. a7 f2 43. a8=Q f1=Q {[%emt 0:00:07] Repels Qf3+. KQ-KQ} ({But not} 43... f1=R 44. Qa7+ Kg8 45. Qxc5 $18) 44. Qd5+ Kg7 {[%emt 0:01:52] ...Qf7 is the strong threat.} 45. Qxc5 Qxh3 46. Qxb4 (46. Qc7+ $142 Kh6 47. Kb3) 46... Qe6+ 47. Kb1 Qe1+ 48. Ka2 h5 49. Qd4+ Kh7 50. Qf6 h4 {[%emt 0:00:00] Threatens to win with ...h3.} 51. Qf7+ Kh6 52. Qf8+ Kg5 53. Qd8+ Kh5 54. Qh8+ Kg4 {[%emt 0:00:00] ( -> ...g5)} 55. Qc8+ Kg3 56. Qc7+ {[%emt 0:00:00] [#]} Kh3 $1 57. Qd7+ {[%emt 0:00:00] [#]} Kh2 $1 58. Qg4 Qg3 59. Qe2+ Kg1 {[%emt 0:00:00] Black mates.} 60. Qd1+ Kf2 61. Qd4+ Ke2 62. Kb3 g5 63. Qe4+ Kf2 {[%emt 0:00:00] Weighted Error Value: White=0.42/Black=0.33} 0-1

[Event "Israeli Team-ch 2023"]
[Site "Petah Tikva"]
[Date "2023.01.20"]
[Round "3.11"]
[White "Kobo, Ori"]
[Black "Gofman, Alex"]
[Result "1-0"]
[ECO "C65"]
[WhiteElo "2546"]
[BlackElo "2224"]
[Annotator "TA"]
[PlyCount "111"]
[EventDate "2023.01.13"]
[EventCountry "ISR"]
[SourceTitle "playchess.com"]
[Source "ChessBase"]
[SourceQuality "1"]
[TimeControl "40/5400+30:1800+30"]

1. e4 e5 2. Nf3 Nc6 3. Bb5 Bc5 4. c3 Nf6 5. d3 d6 6. d4 {[%emt 0:00:48] C65: Ruy Lopez: Berlin Defence (3...Nf6), unusual lines and 4 0-0 Bc5.} exd4 7. cxd4 Bb4+ 8. Bd2 {[%emt 0:02:48] White is slightly better.} Bxd2+ 9. Nbxd2 O-O 10. O-O Ne7 11. Re1 Ng6 12. Qc2 c6 13. Bf1 {[%emt 0:00:41] [#]} Re8 $146 ({Predecessor:} 13... Be6 14. g3 Qa5 15. Bg2 Rad8 16. a3 Rfe8 17. h4 Qb6 18. b3 Re7 19. Re3 Rde8 {1-0 Grigoryan,K (2647)-Bernabeu Lopez,C (2403) Seville op 46th 2021 (5)}) 14. h3 d5 15. e5 Nd7 16. b4 a6 17. a4 Ndf8 18. g3 Bd7 19. Nb3 f6 20. Nc5 fxe5 21. dxe5 (21. Nxb7 Qc7 22. Nc5 e4 $11) 21... Qc8 22. Kh2 {[%emt 0:02:29] White has more active pieces.} Bf5 23. Qc3 b6 ({Better is} 23... Nd7 $14) 24. Nb3 $1 $16 Be4 {[%emt 0:03:41] [#]} (24... Ne6 $16) 25. Nbd2 (25. Nfd2 $1 $18) 25... Bxf3 26. Nxf3 Qf5 27. Re3 Ne7 28. Kg2 ({White should try} 28. a5 $16) 28... Qd7 (28... Qc8 $14) 29. a5 b5 30. Nd4 Ne6 {[%emt 0:00:36] ...Nxd4 is the strong threat.} 31. Bd3 Nxd4 32. Qxd4 Nf5 (32... Qa7 $16 33. Qh4 Ng6 34. Bxg6 hxg6) 33. Bxf5 $18 Qxf5 {[%emt 0:00:06] [#]} 34. Rc1 $1 Qd7 {[%emt 0:05:28] Black is weak on the dark squares} 35. f4 h5 (35... g6 $16 36. h4 Rac8) 36. Qd3 d4 37. Qb3+ Kh8 (37... Kh7 $142 38. Rd3 Rad8) 38. Rd3 (38. e6 $142 Qd6 39. Re4) 38... Rad8 39. Qd1 g6 {[%emt 0:01:01] This costs Black the game.} (39... Qd5+ $16 40. Qf3 Qa2+ 41. Kg1 h4 42. gxh4 (42. Rxc6 Rc8 $16) 42... Rf8) 40. Qf3 Re6 41. Qe4 Kg7 (41... Kg8 $142 42. Kf3 Kg7) 42. Rcd1 c5 43. bxc5 Qc6 44. Qxc6 (44. Rxd4 $2 {loses.} Qxe4+ 45. Rxe4 Rxd1 $19) 44... Rxc6 45. Rxd4 Rxd4 46. Rxd4 Rxc5 {[%emt 0:00:14][%mdl 4096] Endgame KR-KR} 47. Rd7+ Kf8 48. Rd6 Rc2+ $2 (48... b4 49. Rxa6 b3) 49. Kf3 Rc3+ 50. Ke4 Rxg3 51. Rxa6 Rxh3 52. Rxg6 h4 53. Rb6 {[%emt 0:06:04][%cal Oa5a6] a6! would kill now.} Rb3 54. a6 {[%emt 0:01:00][%cal Ba5a6,Ba6a7][%mdl 32] Threatening mate with a7.} h3 55. a7 Ra3 56. Rb8+ {[%emt 0:00:12] Weighted Error Value: White=0.14 (very precise) /Black=0.40} ({Inferior is} 56. Rxb5 h2 57. Rb1 (57. Rb8+ Kg7 $11) 57... Rxa7 $11) 1-0

[Event "Israeli Team-ch 2023"]
[Site "Petah Tikva"]
[Date "2023.01.20"]
[Round "3.12"]
[White "Katkov, Michelle"]
[Black "Huzman, Alexander"]
[Result "0-1"]
[ECO "B10"]
[WhiteElo "2220"]
[BlackElo "2526"]
[Annotator "TA"]
[PlyCount "104"]
[EventDate "2023.01.13"]
[EventCountry "ISR"]
[SourceTitle "playchess.com"]
[Source "ChessBase"]
[SourceQuality "1"]
[TimeControl "40/5400+30:1800+30"]

1. e4 c6 2. Nf3 d5 3. d3 Qc7 4. Nc3 dxe4 5. dxe4 e5 6. Bc4 {[%emt 0:03:00] B10: Caro-Kann: 2 d3 and 2 c4.} b5 7. Bb3 Na6 (7... h6 $1 $11) 8. O-O (8. Ng5 $14 Nh6 9. Qh5) 8... Nc5 $1 $11 {[%emt 0:01:13] [#]} 9. Qe2 $146 ({Predecessor:} 9. a3 Nxb3 10. cxb3 Nf6 11. Qc2 Bd6 12. Bg5 Nh5 13. Rac1 f6 14. Be3 Qb7 15. Qd1 {1-0 Zinchenko,A (2089)-Bogdanov,R (2064) Rostov-ch Rostov on Don 2010 (8)}) 9... Nf6 10. Bg5 Be7 (10... a5 $5 11. a3 Ba6 12. Bxf6 gxf6 $15) 11. h3 O-O 12. Qe3 Ne6 13. Bxf6 Bxf6 14. Ne2 {[%emt 0:02:01] Inhibits Nd4.} Qb6 15. Qxb6 axb6 16. c3 Nc5 17. Ng3 g6 18. Rfd1 Kg7 19. Bc2 Be6 20. a3 Rfd8 21. Nf1 Kf8 22. Ne3 h5 {[%emt 0:00:04] Prevents Ng4} 23. Kf1 Ke7 24. Ke2 Bg7 25. Ne1 Bc4+ 26. Nxc4 bxc4 27. h4 b5 28. g3 Bh6 29. Ng2 Rxd1 30. Rxd1 Rd8 31. Rxd8 Kxd8 $15 {[%emt 0:00:43][%mdl 4096] Endgame KBN-KBN} 32. f4 f6 33. Kf3 Kc7 34. Ne3 (34. g4 $11) 34... Ne6 ({Better is} 34... exf4 $1 $17 35. gxf4 Nd3 36. Bxd3 cxd3) 35. Ng2 (35. f5 $14 gxf5 36. exf5) 35... g5 36. hxg5 fxg5 37. f5 g4+ 38. Ke2 Nc5 {[%emt 0:00:58] White must now prevent ...Bc1.} 39. Kd1 {[%emt 0:01:38] Inhibits Bc1.} (39. Ne3 $11) 39... Bg5 40. Nh4 $2 (40. Bb1) 40... Bxh4 $19 41. gxh4 {[%emt 0:00:59] [#] KB-KN} Nd3 $1 {[%emt 0:00:31] And now ...g3 would win.} 42. Ke2 Nxb2 43. Ke3 Kd6 44. Ke2 Ke7 45. Ke3 Kd6 46. Ke2 $1 c5 47. Ke3 g3 {[%emt 0:00:18][%cal Ob5b4] ( -> ...b4!)} 48. Kf3 Nd3 (48... b4 $142 49. axb4 cxb4 50. cxb4 Nd3 51. Kxg3 Nxb4) 49. Kxg3 {[%emt 0:02:40] [#]} b4 $1 50. axb4 cxb4 51. Bxd3 cxd3 52. Kf3 b3 {[%emt 0:00:15] Weighted Error Value: White=0.58/Black=0.35} 0-1

[Event "Israeli Team-ch 2023"]
[Site "Petah Tikva"]
[Date "2023.01.20"]
[Round "3.13"]
[White "Kupervaser, Erez"]
[Black "Greenfeld, Alon"]
[Result "1/2-1/2"]
[ECO "B30"]
[WhiteElo "2293"]
[BlackElo "2460"]
[Annotator "TA"]
[PlyCount "113"]
[EventDate "2023.01.13"]
[EventCountry "ISR"]
[SourceTitle "playchess.com"]
[Source "ChessBase"]
[SourceQuality "1"]
[TimeControl "40/5400+30:1800+30"]

1. e4 c5 2. Nf3 Nc6 3. Bb5 e6 4. O-O Nge7 5. d4 cxd4 6. Nxd4 Ng6 {[%emt 0:02:01] B30: Sicilian: 2...Nc6 3 Bb5, lines without ...g6.} 7. Be3 Be7 8. Be2 O-O {[%emt 0:03:44] White is slightly better.} 9. c4 b6 {[%emt 0:03:27] Nowadays more popular than 9...Nxd4.} 10. Nc3 Bb7 11. Nb3 f5 12. exf5 Rxf5 13. f4 {[%emt 0:00:14] [#]} Nh4 $146 ({Predecessor:} 13... Rf7 14. g3 Nb4 15. Qd2 Na6 16. Rad1 Nc5 17. Nb5 Qc8 18. Nxc5 Bxc5 19. b4 Bf8 {1-0 Ivanchuk,V (2728)-Moiseenko,A (2649) TUR-chT Izmir 2016 (9.2)}) 14. g3 Rf6 15. Bf2 Rg6 (15... Na5 $14) 16. Nd2 (16. Bh5 $16) 16... Na5 17. Bd3 (17. Bh5 $16) 17... Qc7 18. Bxg6 $16 Nxg6 19. Be3 $2 (19. Rc1 $16) 19... Qc6 $15 {[%emt 0:02:00][%csl Gb7][%cal Rc6g2] [#]} 20. Qf3 {[%emt 0:00:49] Repels Qg2+} Qxf3 $40 {[%emt 0:00:48][%mdl 128] Black mounts an attack.} 21. Nxf3 {[%emt 0:00:11] Strongly threatening b3.} Nxc4 22. Nd1 Bf6 ({Black should try} 22... Nxe3 $17 23. Nxe3 Bc5) 23. Rf2 {[%emt 0:07:51] White is weak on the light squares} (23. Rc1 $5 Nxe3 24. Nxe3 $11) 23... e5 24. fxe5 (24. Rc1 $11 {should be considered.} Nxe3 25. Nxe3) 24... Ngxe5 $17 25. Nxe5 Nxe5 26. h3 Re8 {[%emt 0:00:14][%mdl 1024] Black has strong compensation.} 27. Rc1 Nf3+ 28. Kf1 ({White should play} 28. Kg2 Ne5+ 29. Kf1) 28... Ba6+ {[%emt 0:00:05] This pair of bishops is nice.} 29. Kg2 Ne1+ 30. Kg1 Nd3 31. Rc7 Nxf2 32. Kxf2 Rf8 (32... Ra8 $5 33. Nc3 h6 $17) 33. Rxa7 Bb5 (33... Bxb2+ $2 34. Ke1 $18) 34. Ke1 $1 Be5 35. Kd2 Rf3 (35... Bxg3 $15 36. Bxb6 Bd6) 36. Nc3 (36. a4 $11 Bc6 37. b4) 36... Bc6 37. Ne2 $1 b5 38. Bd4 (38. b3 $1 $15) 38... Bxd4 39. Nxd4 Rxg3 40. Nxc6 dxc6 {[%emt 0:00:03][%mdl 4096] Endgame KR-KR} 41. Rc7 (41. Ra8+ $17 {keeps fighting.} Kf7 42. h4) 41... Rxh3 $19 42. Rxc6 b4 {[%emt 0:00:00] ...Rh2+ would be deadly.} 43. Rc4 $2 (43. Rc8+ Kf7 44. Rc7+ Kf6 45. Rc6+ Ke7 46. Rc7+ Kf6 47. Rc6+ Kf7 48. Rc7+ Kf6) 43... Rh2+ 44. Kc1 $2 (44. Ke3 Rxb2 45. Kf4) 44... h5 45. Rxb4 g5 {[%emt 0:00:00] And now ...g4 would win.} 46. Kd1 {[%emt 0:00:00] [#]} g4 $2 (46... Rg2 $1 $19 47. Ke1 h4) 47. Ke1 $1 $11 {[%emt 0:00:00] The position is equal.} Kf7 48. Kf1 Kg6 49. a4 Kg5 {[%emt 0:00:00] Hoping for ...g3.} 50. a5 g3 51. a6 Rf2+ 52. Kg1 h4 $1 53. Rb5+ (53. a7 $5 h3 $8 54. Rb5+ (54. a8=B h2+ 55. Kh1 Rf1+ 56. Kg2 h1=Q+ 57. Kxg3 Qxa8 58. Rb5+ Kh6 59. Rb6+ Kh7 60. Kh2 Qh1+ 61. Kg3 Rf3+ 62. Kg4 Qh3+ 63. Kg5 Rf5#) 54... Kg4 55. Rb4+ (55. a8=B $2 h2+ 56. Kh1 Rf1+ 57. Kg2 h1=Q#) 55... Kg5 56. Rb5+ (56. a8=B h2+ 57. Kh1 Rf1+ 58. Kg2 h1=Q+ 59. Kxg3 Qxa8 60. Rb5+ Kf6 61. Rb6+ Ke7 62. Rb5 Qf3+ 63. Kh4 Rh1+ 64. Kg5 Rh5+ {[%mdl 64] Skewer} 65. Kg6 Qf7#) 56... Kg4 57. Rb4+ (57. a8=B $2 h2+ 58. Kh1 Rf1+ 59. Kg2 h1=Q#) 57... Kg5 $11) 53... Kg4 54. Rb4+ (54. a7 $5 h3 $8 55. Rb4+ (55. a8=B $2 h2+ 56. Kh1 Rf1+ 57. Kg2 h1=Q#) 55... Kg5 56. Rb5+ (56. a8=B h2+ 57. Kh1 Rf1+ 58. Kg2 h1=Q+ 59. Kxg3 Qxa8 60. Rb5+ Kf6 61. Rb6+ Ke7 62. Rb5 Qf3+ 63. Kh4 Rh1+ 64. Kg5 Rh5+ {[%mdl 64] Skewer} 65. Kg6 Qf7#) 56... Kg4 57. Rb4+ (57. a8=B $2 h2+ 58. Kh1 Rf1+ 59. Kg2 h1=Q#) 57... Kg5 58. Rb5+ (58. a8=B h2+ 59. Kh1 Rf1+ 60. Kg2 h1=Q+ 61. Kxg3 Qxa8 62. Rb5+ Kf6 63. Rb6+ Ke7 64. Rh6 Qf3+ 65. Kh4 Rh1+ 66. Kg5 Rg1+ 67. Kh4 Qh1#) 58... Kg4 $11) 54... Kg5 55. Rb5+ (55. a7 $5 h3 $8 56. Rb5+ (56. a8=B h2+ 57. Kh1 Rf1+ 58. Kg2 h1=Q+ 59. Kxg3 Qxa8 60. Rb5+ Kh6 61. Rb6+ Kh7 62. Kh2 Qh1+ 63. Kg3 Rf3+ 64. Kg4 Qh3+ 65. Kg5 Rf5#) 56... Kh4 57. Rb4+ (57. a8=B $2 h2+ 58. Kh1 Rf1+ 59. Kg2 h1=Q#) 57... Kg5 58. Rb5+ (58. a8=B h2+ 59. Kh1 Rf1+ 60. Kg2 h1=Q+ 61. Kxg3 Qxa8 62. Rb5+ Kh6 63. Rb6+ Kh7 64. Rb3 Qg8+ 65. Kh2 Qxb3 66. Kg2 Qf3+ 67. Kh2 Rh1#) 58... Kh4 59. Rb4+ (59. a8=B $2 h2+ 60. Kh1 Rf1+ 61. Kg2 h1=Q#) 59... Kg5 $11) 55... Kg4 56. Rb4+ (56. a7 $5 h3 $8 57. Rb4+ (57. a8=B $2 h2+ 58. Kh1 Rf1+ 59. Kg2 h1=Q#) 57... Kf5 58. Rh4 (58. a8=B h2+ 59. Kh1 Rf1+ 60. Kg2 h1=Q+ 61. Kxg3 Qxa8 62. Rb5+ Kf6 63. Rb6+ Ke7 64. Rh6 Qf3+ 65. Kh4 Rh1+ 66. Kg5 Rg1+ 67. Kh4 Qh1#) (58. Rb5+ Kg4 $11) 58... Rg2+ 59. Kf1 Rxb2 60. Rxh3 $11 (60. a8=B $2 Rb1+ 61. Ke2 g2 $19) (60. a8=Q g2+ $11)) 56... Kg5 {[%emt 0:00:23] ( -> ...h3)} 57. Rb5+ {[%emt 0:00:00] White happily takes the draw.   Weighted Error Value: White=0.29 (precise) /Black=0.23 (precise)} (57. a7 $5 h3 $8 58. Rb5+ (58. a8=B {is a self mate.} h2+ 59. Kh1 Rf1+ 60. Kg2 h1=Q+ 61. Kxg3 Qxa8 62. Rb5+ Kh6 63. Rb6+ Kh7 64. Rb3 Qg8+ 65. Kh2 Qxb3 66. Kg2 Qf3+ 67. Kh2 Rh1#) 58... Kg4 59. Rb4+ (59. a8=B $2 {gets mated.} h2+ 60. Kh1 Rf1+ 61. Kg2 h1=Q#) 59... Kg5 60. Rb5+ (60. a8=B h2+ 61. Kh1 Rf1+ 62. Kg2 h1=Q+ 63. Kxg3 Qxa8 64. Rb5+ Kh6 65. Rb6+ Kh7 66. Kh2 Qh1+ 67. Kg3 Rf3+ 68. Kg4 Qh3+ 69. Kg5 Rf5#) 60... Kg4 61. Rb4+ (61. a8=B $2 h2+ 62. Kh1 Rf1+ 63. Kg2 h1=Q#) 61... Kg5 $11) 1/2-1/2